AoeStats
← _LT_ropz

Arabia

505452794Analyzed
4v4 RM · 24d ago on Sep 9, 2026· 21m 11s· 8 players
Game mode
Random Map
Map size
Large (8 player)
Population
200
Speed
Normal
Resources
Standard
Victory
Conquest
Starting age
Dark Age
Ending age
Imperial Age
RankedLock teamsTeams togetherTeam positionsShared explorationLock speedFull tech treeHidden civsTurbo modeCheats
Victory
Defeat
🇨🇳 Maya · China
1412
+11
🇨🇳 Ethiopians · China
1371
+12
🇨🇳 Magyars · China
1268
+16
🇨🇳 Franks · China
1254
+18
🇮🇳 Wei · India
1324
-16
🇺🇸 Persians · United States
1283
-14
🇲🇲 Vietnamese · Myanmar (Burma)
1278
-14
🇲🇲 Burgundians · Myanmar (Burma)
1252
-13
F!rE
11:03 Feudal Age
15:29 Castle Age
13:37 Double-Bit Axe
14:21 Horse Collar
16:40 Bow Saw
18:20 Wheelbarrow
17:30 Loom
18:25 Wheelbarrow
virgilsarmy
7:46 Loom
9:59 Feudal Age
11:39 Double-Bit Axe
11:35 Horse Collar
15:12 Scale Barding Armor
itsDuDu
8:03 Loom
10:46 Feudal Age
12:12 Double-Bit Axe
16:23 Horse Collar
19:58 Heavy Plow
Oo_Lay_Gyi
6:23 Loom
9:19 Feudal Age
9:50 Double-Bit Axe
17:18 Fletching
17:58 Padded Archer Armor
22:44 Castle Age
小叶
6:49 Loom
9:18 Feudal Age
16:52 Scale Barding Armor
鱼鱼
7:35 Loom
10:15 Feudal Age
11:15 Double-Bit Axe
17:24 Scale Barding Armor
22:47 Castle Age
21:07 Gold Mining
_LT_ropz
6:24 Loom
8:53 Feudal Age
9:29 Double-Bit Axe
15:05 Fletching
格格巫
0:26 Loom
8:31 Feudal Age
9:26 Double-Bit Axe
12:53 Fletching
16:29 Padded Archer Armor
22:12 Castle Age
20:08 Horse Collar
20:36 Gold Mining
22:14 Wheelbarrow
Connection lost

Rejoining the realm…

Still unreachable

The connection could not be restored.

Session expired

The server has moved on; the page needs a fresh start.